 Dungeon Crawl Stone Soup version 0.27-a0-1302-g7736ffe575 (webtiles) character file.

Game seed: 10176389885287453592

4039 HAL9000 the Slicer (level 10, -5/55 HPs)
             Began as a Vine Stalker Brigand on June 17, 2021.
             Was a Follower of Uskayaw.
             Killed by divine providence
             ... invoked by a meliai
              (11 damage)
             ... on level 8 of the Dungeon on June 18, 2021.
             The game lasted 00:21:04 (8509 turns).

HAL9000 the Slicer (Vine Stalker Brigand)           Turns: 8509, Time: 00:21:05

Health: -5/55      AC:  4    Str: 16    XL:     10   Next: 24%
Magic:  0/11       EV: 12    Int: 11    God:    Uskayaw [*.....]
Gold:   455        SH:  5    Dex: 17    Spells: 9/9 levels left

rFire    . . .     SeeInvis .   a - +2 dagger
rCold    . . .     Faith    .   (no shield)
rNeg     . . .     Spirit   +   b - +0 robe
rPois    .         Reflect  +   G - +0 helmet
rElec    .         Harm     .   c - +0 cloak
rCorr    .         Rampage  .   (no gloves)
Will     +....                  (no boots)
Stlth    ++++......             E - amulet of reflection
HPRegen  1.18/turn              (no ring)
MPRegen  0.12/turn              (no ring)

@: no status effects
A: fangs 3, regeneration 1, magic shield, antimagic bite, no potion heal 2
a: Renounce Religion, Stomp


You were on level 8 of the Dungeon.
You worshipped Uskayaw.
Uskayaw was noncommittal.
You visited 2 branches of the dungeon, and saw 9 of its levels.

You collected 455 gold pieces.

Inventory:

Hand Weapons
 a - a +2 dagger (weapon)
 w - a +1 dagger of holy wrath
 x - a +5 scimitar
 y - a +3 long sword of holy wrath
Missiles
 d - 24 poisoned darts
 o - 2 boomerangs of dispersal (quivered)
 s - 5 boomerangs
 t - 8 javelins
Armour
 b - a +0 robe (worn)
 c - a +0 cloak (worn)
 G - a +0 helmet (worn)
Jewellery
 E - an amulet of reflection (around neck)
Wands
 C - a wand of paralysis (8)
Scrolls
 h - a scroll of fear
 i - 2 scrolls of enchant armour {unknown}
 j - a scroll of enchant weapon {unknown}
 k - 2 scrolls of fog {unknown}
 n - a scroll of holy word {unknown}
 p - a scroll of amnesia {unknown}
 q - 2 scrolls of silence {unknown}
 u - 2 scrolls of magic mapping {unknown}
 A - a scroll of immolation {unknown}
 B - a scroll of teleportation {unknown}
 D - a scroll of blinking {unknown}
 F - 2 scrolls of brand weapon {unknown}
Potions
 f - 2 potions of might
 g - 2 potions of curing
 l - 2 potions of haste
 m - a potion of heal wounds {unknown}
 r - a potion of degeneration {unknown}
 v - a potion of mutation {unknown}
 H - a potion of magic {unknown}


   Skills:
 + Level 7.0 Fighting
 - Level 9.1 Short Blades
 + Level 5.1 Throwing
 - Level 1.2 Dodging
 - Level 9.0 Stealth


You had 9 spell levels left.
You didn't know any spells.
Your spell library was empty.

Dungeon Overview and Level Annotations

Branches:
Dungeon (8/15)             Temple (1/1) D:6            Lair (0/6) D:8

Altars:
Cheibriados
Dithmenos
Elyvilon
Fedhas
Gozag
Hepliaklqana
Kikubaaqudgha
Makhleb
Nemelex Xobeh
Okawaru
Qazlal
Ru
Sif Muna
Trog
Uskayaw
Vehumet
Wu Jian
Xom
Yredelemnul
Zin
The Shining One

Shops:
D:2 =   D:4 *

Annotations:
D:6 2 transporters, Thargor's ghost, novice DEFE
D:8 Grum


Innate Abilities, Weirdness & Mutations

You have razor-sharp teeth.
Your natural rate of healing is unusually fast.
When hurt, damage is shared between your health and your magic reserves.
Your bite disrupts and absorbs the magic of your enemies.
Potions cannot restore your health.


Message History

Throw: dart (curare)
Press: ? - help, Q - select action, (/) - cycle Shift-Dir - straight line, f - meliai
Aim: a meliai, wielding a +0 war axe and wearing a +0 robe (53% to hit)
You throw a curare-tipped dart.
The curare-tipped dart misses the meliai.
The meliai hits you with a +0 war axe. The meliai barely misses you.
The howler monkey hoots and howls with incredible vigour!
The meliai hits you with a +0 war axe. The meliai barely misses you.
You hear a shout!
Throw: throwing net
Press: ? - help, Q - select action, (/) - cycle Shift-Dir - straight line, f/p - meliai
Aim: a meliai, wielding a +0 war axe and wearing a +0 robe (53% to hit)
You throw a throwing net.
The throwing net barely misses the meliai.
The meliai misses you.
The meliai stings you but does no damage.
The meliai closely misses you. The meliai stings you!
The meliai hits you with a +0 war axe! You block the meliai's attack.
Unknown command.
Throw: 4 boomerangs (disperse)
Press: ? - help, Q - select action, (/) - cycle Shift-Dir - straight line, f/p - meliai
Aim: a meliai, wielding a +0 war axe and wearing a +0 robe (53% to hit)
You throw a boomerang of dispersal.
The boomerang of dispersal closely misses the meliai.
The meliai misses you. The meliai barely misses you.
The meliai invokes the aid of its god against you.
Something smites you! The meliai hits you with a +0 war axe!
* * * LOW HITPOINT WARNING * * *
The meliai stings you.
* * * LOW HITPOINT WARNING * * *
Throw: 3 boomerangs (disperse)
Press: ? - help, Q - select action, (/) - cycle Shift-Dir - straight line, f/p - meliai
Aim: a meliai, wielding a +0 war axe and wearing a +0 robe (53% to hit)
You throw a boomerang of dispersal.
The boomerang of dispersal hits the meliai.
The meliai blinks!
The meliai is lightly wounded.
The meliai mumbles some strange prayers to its god against you.
Something smites you!
You die...

..#...#....##
.##..P##....######
.........#.......##### ###
≈...>...≈#.#####.##.. ..#
..P......#.#####.##.# #.#
.##...##......##.##.#####.###
..#...#....##...............#
#...≈...#..#####.##.##.##.#.#
.#######..y.....@##.D.<...#.#
## #.#....h§######.##...#
#)#.####.# #.##.#.# #.#.####.#
#.##.#.#
#.....##.######......# ######
###.#.##.....#####.###
.....####...........# ##...##
..).................###.....##
.....##......##.....##.......#


You could see a meliai and a howler monkey.

Vanquished Creatures
  A hydra (D:8)
  Pikel (D:5)
  A hornet (D:8)
  Edmund (D:4)
  5 black bears
  3 ogres (D:5)
  A centaur (D:8)
  2 wolves (D:8)
  A kobold brigand (D:3)
  6 bullfrogs
  A scorpion (D:5)
  A water moccasin zombie (D:5)
  5 wights
  2 centaur zombies
  A bullfrog zombie (D:5)
  4 hounds
  A gnoll shaman (D:8)
  3 orc priests
  A jelly (D:8)
  4 orc wizards
  Natasha (D:4)
  7 iguanas
  A hound zombie (D:5)
  2 howler monkey zombies
  A howler monkey skeleton (D:4)
  4 adders
  7 gnolls
  A shadow imp (D:8)
  A white imp (D:5)
  2 dart slugs
  23 orcs
  5 bats
  7 endoplasms
  3 giant cockroaches
  5 goblins
  7 hobgoblins
  4 jackals
  3 quokkas
  A ball python (D:4)
  A kobold (D:4)
  A rat (D:1)
132 creatures vanquished.

Vanquished Creatures (others)
  5 fungi (D:8)
  12 plants
17 creatures vanquished.

Grand Total: 149 creatures vanquished

Notes
Turn   | Place    | Note
-------+----------+-------------------------------------------
     0 | D:1      | HAL9000 the Vine Stalker Brigand began the quest for the
                  | Orb.
     0 | D:1      | Reached XP level 1. HP: 11/11 MP: 2/2
    94 | D:1      | Reached skill level 5 in Stealth
   435 | D:1      | Found a faded altar of an unknown god.
   476 | D:1      | Reached skill level 1 in Dodging
   476 | D:1      | Reached XP level 2. HP: 15/15 MP: 3/3
  1252 | D:2      | Reached XP level 3. HP: 18/18 MP: 4/4
  1279 | D:2      | Found Modeax's Jewellery Shoppe.
  1443 | D:2      | Found a bloodstained altar of Trog.
  1592 | D:2      | You fall into a shaft and drop 1 floor!
  2191 | D:3      | Noticed a kobold brigand
  2196 | D:3      | Killed a kobold brigand
  2197 | D:3      | Gained mutation: Your natural rate of healing is unusually
                  | fast. [Vine Stalker growth]
  2197 | D:3      | Reached XP level 4. HP: 23/23 MP: 5/5
  2197 | D:3      | Reached XP level 5. HP: 26/26 MP: 6/6
  2761 | D:4      | Noticed Edmund
  2823 | D:4      | Killed Edmund
  2824 | D:4      | Reached XP level 6. HP: 14/30 MP: 4/7
  3191 | D:4      | Noticed Natasha
  3267 | D:4      | Found Isofoel's General Store.
  3510 | D:4      | Killed Natasha
  3575 | D:4      | Found a basalt altar of Yredelemnul.
  3656 | D:4      | HP: 1/30 [orc priest (3)]
  3979 | D:5      | Entered Level 5 of the Dungeon
  3982 | D:5      | Reached skill level 5 in Short Blades
  4130 | D:4      | Reached XP level 7. HP: 31/34 MP: 6/8
  4691 | D:5      | Gained mutation: You have razor-sharp teeth. [Vine Stalker
                  | growth]
  4691 | D:5      | Reached XP level 8. HP: 27/39 MP: 7/9
  4869 | D:5      | Noticed Pikel
  4943 | D:5      | Killed Pikel
  5751 | D:6      | Found a staircase to the Ecumenical Temple.
  5798 | Temple   | Entered the Ecumenical Temple
  5840 | Temple   | Upgraded the game from 0.27-a0-1301-g128193abf8 to
                  | 0.27-a0-1302-g7736ffe575
  5862 | Temple   | Became a worshipper of Uskayaw the Reveller
  5947 | D:5      | Reached * piety under Uskayaw
  5949 | D:5      | Reached ** piety under Uskayaw
  5956 | D:5      | Reached XP level 9. HP: 30/42 MP: 7/10
  6021 | D:6      | Identified the +7 spear of Honour {venom, rCorr Str+4 Int-2
                  | Dex+8}
  6021 | D:6      | Identified the +1 ring mail of Entitlement {Str+2 Stlth+}
  6084 | D:6      | Found a transporter.
  6114 | D:6      | Noticed Thargor's ghost (novice DEFE)
  6147 | D:6      | Found a transporter.
  6706 | D:7      | Found a white marble altar of Elyvilon.
  7115 | D:8      | Noticed a six-headed hydra
  7115 | D:8      | Noticed a meliai
  7116 | D:8      | Noticed a two-headed ogre
  7468 | D:8      | Found a staircase to the Lair.
  7477 | D:8      | Noticed Grum
  7694 | D:8      | Reached *** piety under Uskayaw
  7697 | D:8      | Reached **** piety under Uskayaw
  7699 | D:8      | Reached ***** piety under Uskayaw
  7700 | D:8      | Found a shimmering altar of Xom.
  7700 | D:8      | Found a shimmering altar of Xom.
  7700 | D:8      | Noticed a hornet
  7711 | D:8      | Found a shimmering altar of Xom.
  7712 | D:8      | Found a shimmering altar of Xom.
  7718 | D:8      | Found a shimmering altar of Xom.
  7718 | D:8      | Found a shimmering altar of Xom.
  7720 | D:8      | Found a shimmering altar of Xom.
  7786 | D:8      | Reached skill level 5 in Fighting
  7970 | D:8      | Found a glowing golden altar of the Shining One.
  8062 | D:8      | Killed a six-headed hydra
  8063 | D:8      | Reached XP level 10. HP: 53/53 MP: 11/11
  8068 | D:8      | Found a hazy altar of Hepliaklqana.
  8162 | D:8      | Reached skill level 5 in Throwing
  8509 | D:8      | Killed from afar by a meliai

Illustrated notes

Levels and vault maps discovered:
D:1:      minmay_arrival_nine_rooms, layout_basic, serial_corexii_hall,
          corexii_hall_statues_t, corexii_hall_statues_deadend,
          hellmonk_ecumenical_altar_inner_sanctum, st_stairs_9
D:2:      minmay_door_path, layout_basic, serial_shops, nicolae_shop_trees,
          basic_altar, dk_vineyard_1, uniq_sigmund
D:3:      layout_basic
D:4:      layout_basic, lemuel_doored_altar, serial_shops,
          nicolae_shop_behind_doors, minmay_distorted, uniq_edmund, uniq_natasha
D:5:      layout_basic, minmay_fractal_squares_gapless_5, uniq_pikel
D:6:      layout_rooms, minmay_temple_entry_butterflies,
          gammafunk_ghost_gnarly_gnolls
D:7:      layout_basic, elyvilon_altar_1
D:8:      minmay_bloctagon, layout_loops_cross, nicolae_tso_carved_into_rock,
          nicolae_xom_altar_mimics, old_standard_altar, dpeg_oklobed_lair,
          uniq_grum
Temple:   eino_wide_crystal_templ

Skill      XL: |  1  2  3  4  5  6  7  8  9 10 |
---------------+-------------------------------+-----
Stealth        | 5 7 8 9 |  9.0
Short Blades   | 2 4 5 7 9 |  9.1
Dodging        | 1 |  1.2
Throwing       | 2 4 5 |  5.1
Fighting       | 6 7 |  7.0

Action                   |  1- 3 |  4- 6 |  7- 9 | 10-12 || total
-------------------------+-------+-------+-------+-------++-------
Melee: Dagger            |    82 |   125 |   338 |    48 ||   593
       Bite              |    14 |    37 |   122 |    22 ||   195
Throw: Dart              |     4 |    41 |    42 |     6 ||    93
       Boomerang         |       |       |     3 |     2 ||     5
       Throwing net      |       |       |     1 |     1 ||     2
Evoke: Wand              |       |       |     5 |       ||     5
  Use: Scroll            |       |     1 |     4 |     2 ||     7
       Potion            |       |       |       |     1 ||     1
 Stab: Sleeping          |    11 |     5 |     8 |       ||    24
       Distracted        |       |       |     1 |     2 ||     3
       Paralysed         |       |       |     4 |       ||     4
       Held in net/web   |       |       |     1 |       ||     1
Armor: Robe              |    17 |    17 |    34 |    14 ||    82
Dodge: Dodged            |    42 |    79 |   149 |    30 ||   300
Block: Other             |       |       |    22 |    13 ||    35
       Reflection        |       |       |     2 |     1 ||     3

Table legend: (Time is in decaauts)
 A = Elapsed time spent in this place.
 B = Non-inter-level travel time spent in this place.
 C = Inter-level travel time spent in this place.
 D = Time resting spent in this place.
 E = Time spent auto-exploring this place.
 F = Levels seen in this place.
 G = Mean time per level.
                   A        B        C        D        E       F      G
               +--------+--------+--------+--------+--------+-----+--------+
         Total |   8292 |   7873 |    419 |   1197 |   5012 |   9 |  921.3 |
       Dungeon |   8208 |   7827 |    381 |   1197 |   4971 |   8 | 1026.0 |
        Temple |     83 |     45 |     38 |      0 |     41 |   1 |   83.0 |
               +--------+--------+--------+--------+--------+-----+--------+

Top non-repeatable levels by time:
     D:5: 1590 daAuts
     D:4: 1440 daAuts
     D:1: 1213 daAuts
     D:8: 1168 daAuts
     D:3: 1078 daAuts
     D:7: 963 daAuts
     D:6: 382 daAuts
     D:2: 372 daAuts
  Temple: 83 daAuts
